 Dungeon Crawl Stone Soup version 0.27-a0-789-g6bb3289e1e (webtiles) character file.

Game seed: 17343320855953951685

829 dolemite99 the Cutter (level 7, -3/47 HPs)
             Began as a Djinni Summoner on Mar 27, 2021.
             Was a Follower of Hepliaklqana.
             Shot with an arrow by a centaur (7 damage)
             ... on level 6 of the Dungeon.
             The game lasted 00:08:47 (11607 turns).

dolemite99 the Cutter (Djinni Summoner)            Turns: 11607, Time: 00:08:48

Health: -3/47      AC:  7    Str:  7    XL:     7   Next: 97%
Gold:   122        EV: 16    Int: 18    God:    Hepliaklqana [*.....] SH:  5 Dex: 14

rFire    + + .     SeeInvis .   a - +4 dagger (venom)
rCold    . . .     Faith    .   (no shield)
rNeg     . . .     Spirit   .   b - +0 leather armour {rPois}
rPois    ∞         Reflect  +   s - +1 helmet
rElec    .         Harm     .   k - +0 cloak
rCorr    .         Rampage  .   w - +0 pair of gloves
Will     .....                  (boots unavailable)
Stlth    ++........             A - amulet of reflection
HPRegen  0.15/turn              r - +4 ring of evasion
MPRegen  0.00/turn              F - ring of protection from cold {=R}

@: flying
A: reduced essence, fire resistance 2, cold vulnerability 1, float, innate
caster, hp casting, extra vitality 1
a: Renounce Religion, Recall Ancestor, Ancestor Identity


You were on level 6 of the Dungeon.
You worshipped Hepliaklqana.
Hepliaklqana was aware of your devotion.
You visited 1 branch of the dungeon, and saw 6 of its levels.

You collected 122 gold pieces.

Inventory:

Hand Weapons
 a - a +4 dagger of venom (weapon)
 f - a +0 club
 i - a +0 dagger
 j - a +0 hunting sling
 x - a +4 scythe of holy wrath
 z - a +0 halberd
 B - a +0 hunting sling
 H - a +2 short sword of venom
Missiles
 c - 37 poisoned darts
 d - 23 arrows
 e - 141 stones
 g - 30 sling bullets
 I - 4 javelins
 M - 31 bolts
Armour
 b - a +0 leather armour of poison resistance (worn)
 h - a +0 ring mail
 k - a +0 cloak (worn)
 n - a +0 robe
 s - a +1 helmet (worn)
 w - a +0 pair of gloves (worn)
 L - a +0 helmet
Magical Staves
 y - a staff of fire
 J - a staff of death
Jewellery
 q - a ring of willpower
 r - a +4 ring of evasion (right hand)
 A - an amulet of reflection (around neck)
 F - a ring of protection from cold (left hand) {=R}
Scrolls
 o - 2 scrolls of vulnerability
 C - a scroll of teleportation
 D - a scroll of silence {unknown}
 K - a scroll of fog
Potions
 l - 2 potions of lignification
 m - 2 potions of curing
 p - a potion of berserk rage {unknown}
 t - 2 potions of flight
 u - a potion of attraction
 v - a potion of ambrosia {unknown}
 E - a potion of haste {unknown}
 G - a potion of resistance {unknown}


   Skills:
 - Level 4.5 Fighting
 - Level 5.7 Short Blades
 - Level 2.6 Dodging
 - Level 1.9 Stealth
 + Level 4.2 Spellcasting


You couldn't memorise any spells.
You knew the following spells:

 Your Spells              Type           Power      Damage    Failure   Level
a - Call Imp              Summ           19%        N/A       5%          2
b - Summon Small Mammal   Summ           76%        N/A       3%          1
c - Call Canine Familiar  Summ           19%        N/A       11%         3
d - Summon Guardian Gole  Hex/Summ       19%        N/A       11%         3
e - Summon Lightning Spi  Summ/Air       19%        N/A       36%         4
f - Summon Ice Beast      Ice/Summ       19%        N/A       36%         4
g - Freeze                Ice            76%        1d9       3%          1
h - Searing Ray           Conj           38%        3d4       5%          2
i - Static Discharge      Conj/Air       19%        N/A       11%         3
Your spell library was empty.

Dungeon Overview and Level Annotations

Branches:
Dungeon (6/15)             Temple (0/1) D:5

Altars:
Cheibriados
Hepliaklqana

Shops:
D:4 =


Innate Abilities, Weirdness & Mutations

Your life essence is reduced to manifest your ancestor. (-10% HP)
You are immune to poison.
Your flesh is very heat resistant. (rF++)
You are vulnerable to cold. (rC-)
You float through the air rather than walking.
You learn spells naturally, not from books.
Your magical power is your life essence.
You have superior vitality. (+4 HP)


Message History

Your crimson imp barely misses the sky beast.
Casting: Call Imp (safe; 6% risk of failure)
Confirm with . or Enter, or press ? or * to list all spells.
A beastly little devil appears in a puff of flame.
The sky beast closely misses your crimson imp.
Your crimson imp barely misses the sky beast.
Your crimson imp hits the centaur.
The sky beast flickers out of sight!
Deactivating autopickup; reactivate with Ctrl-A.
Something closely misses your crimson imp.
The centaur shoots an arrow.
The arrow hits your crimson imp!
Your crimson imp blinks!
Casting: Call Imp (safe; 6% risk of failure)
Confirm with . or Enter, or press ? or * to list all spells.
A beastly little devil appears in a puff of frigid air.
Your crimson imp hits the centaur but does no damage.
The centaur shoots an arrow.
Reactivating autopickup.
You feel a bit more experienced.
The centaur shoots an arrow.
The arrow hits your crimson imp.
Your crimson imp blinks!
Your crimson imp barely misses the centaur.
Casting: Call Imp (safe; 5% risk of failure)
Confirm with . or Enter, or press ? or * to list all spells.
A beastly little devil appears in a puff of flame.
Your crimson imp disappears in a puff of smoke!
The centaur shoots an arrow.
The arrow hits your crimson imp.
Your crimson imp hits the centaur.
The centaur shoots an arrow.
The arrow hits your crimson imp!
Your crimson imp dies!
The centaur shoots an arrow.
The arrow barely misses your crimson imp.
The arrow hits you!
Your crimson imp blinks!
Your white imp disappears in a puff of smoke!
The centaur shoots an arrow.
The arrow hits your crimson imp!
Your crimson imp blinks!
The centaur shoots an arrow.
The arrow hits you!
* * * LOW HITPOINT WARNING * * *
The centaur shoots an arrow.
The arrow hits you!
You die...

#.# #.# #.# #.# #.#
#5# #.# ########
#@########...<..#
#.....§c....#####
#...5.####≈......
#.###.......≈≈.≈.
#.# ...≈..≈≈P≈≈≈≈≈
..#...≈≈≈≈≈≈≈≈≈≈≈≈
##.....≈≈≈≈≈≈≈≈≈≈≈≈
...≈≈≈≈≈≈≈≈≈≈≈≈≈≈≈
...≈≈P≈≈≈≈≈≈PPP≈.


You could see a centaur (ally target) and 2 friendly crimson imps.

Vanquished Creatures
  A black bear (D:5)
  A necrophage (D:4)
  A kobold brigand (D:5)
  A bullfrog (D:3)
  A scorpion (D:4)
  A hound (D:4)
  An iguana (D:4)
  2 adders (D:2)
  2 ufetubi
  2 dart slugs
  2 orcs (D:5)
  A bat (D:2)
  An endoplasm (D:3)
  4 giant cockroaches
  3 goblins
  3 hobgoblins (D:2)
  3 jackals (D:3)
  2 kobolds
  5 quokkas
  A frilled lizard (D:1)
  A jackal skeleton (D:4)
  5 rats (D:2)
44 creatures vanquished.

Vanquished Creatures (collateral kills)
  Sigmund (D:3)
  A black bear (D:4)
  An ogre (D:4)
  A centaur zombie (D:5)
  2 jellies
  An iguana (D:5)
  3 gnolls (D:3)
  3 adders
  A white imp (D:5)
  An ufetubus (D:5)
  2 adder zombies (D:5)
  An orc (D:5)
  A ball python (D:1)
  2 endoplasms
  A giant cockroach (D:3)
  3 goblins
  4 hobgoblins
  A jackal (D:3)
  2 quokkas
  2 frilled lizards (D:1)
  9 kobolds
  2 rats
45 creatures vanquished.

Vanquished Creatures (others)
  A sky beast (D:6)
  4 ancestors
  3 plants (D:6)
8 creatures vanquished.

Grand Total: 97 creatures vanquished

Notes
Turn   | Place    | Note
-------+----------+-------------------------------------------
     0 | D:1      | dolemite99 the Djinni Summoner began the quest for the Orb.
     0 | D:1      | Reached XP level 1. HP: 15/15 MP: 0/0
  2410 | D:1      | Reached XP level 2. HP: 17/21 MP: 0/0
  4059 | D:2      | Reached skill level 1 in Short Blades
  4059 | D:2      | Reached XP level 3. HP: 5/25 MP: 0/0
  4059 | D:2      | Learned a level 1 spell: Freeze
  4664 | D:2      | Reached skill level 2 in Short Blades
  5307 | D:2      | Reached XP level 4. HP: 31/31 MP: 0/0
  5632 | D:2      | Found a snail-covered altar of Cheibriados.
  5632 | D:2      | Found a hazy altar of Hepliaklqana.
  5640 | D:2      | Became a worshipper of Hepliaklqana the Forgotten
  5984 | D:3      | Noticed a bullfrog
  5991 | D:3      | Killed a bullfrog
  5992 | D:3      | Reached skill level 3 in Short Blades
  5992 | D:3      | Reached XP level 5. HP: 22/31 MP: 0/0
  5992 | D:3      | Learned a level 2 spell: Searing Ray
  6224 | D:3      | Noticed Sigmund
  6251 | D:3      | Killed Sigmund
  6252 | D:3      | Reached skill level 1 in Fighting
  6252 | D:3      | Reached skill level 4 in Short Blades
  6252 | D:3      | Reached XP level 6. HP: 19/38 MP: 0/0
  7916 | D:4      | Noticed a necrophage
  7929 | D:4      | Killed a necrophage
  8104 | D:4      | Reached * piety under Hepliaklqana
  8389 | D:4      | Found Hoenniw's Jewellery Emporium.
  8403 | D:4      | Reached XP level 7. HP: 38/45 MP: 0/0
  8403 | D:4      | Learned a level 3 spell: Static Discharge
  8427 | D:4      | Reached skill level 5 in Short Blades
  8940 | D:5      | Entered Level 5 of the Dungeon
 11146 | D:5      | Found a staircase to the Ecumenical Temple.
 11607 | D:6      | Shot with an arrow by a centaur

Illustrated notes

Levels and vault maps discovered:
D:1:      minmay_arrival_semitransparent, layout_loops_ring
D:2:      layout_basic, gammafunk_temple_overflow_wave
D:3:      layout_loops_cross, uniq_sigmund
D:4:      layout_basic, serial_shops, shop
D:5:      layout_cave_pools, minmay_temple_entry_hall
D:6:      layout_loops_ring, kennysheep_mini_moat, basic_altar, serial_rivers,
          chequers_serial_rivers_micro_b, chequers_serial_rivers_small_3,
          chequers_serial_rivers_large_b, chequers_serial_rivers_micro_d,
          chequers_serial_rivers_micro_a, chequers_serial_rivers_large_a,
          chequers_big_river, lemuel_oklob_altar

Skill      XL: |  1  2  3  4  5  6  7 |
---------------+----------------------+-----
Short Blades   | 1 2 3 4 5 |  5.7
Fighting       | 1 3 4 |  4.5
Spellcasting   | 4 |  4.2
Dodging        | |  2.6
Stealth        | |  1.9

Action                   |  1- 3 |  4- 6 |  7- 9 || total
-------------------------+-------+-------+-------++-------
Melee: Club              |     1 |       |       ||     1
       Dagger            |    67 |    72 |    50 ||   189
 Cast: Summon Small Mamm |    30 |     6 |     6 ||    42
       Call Imp          |     8 |    17 |    31 ||    56
       Call Canine Famil |       |       |     2 ||     2
Invok: Recall Ancestor   |       |     1 |       ||     1
  Use: Scroll            |     3 |     4 |     4 ||    11
 Stab: Sleeping          |       |     2 |       ||     2
Armor: Leather armour    |    22 |    18 |    21 ||    61
Dodge: Dodged            |    77 |    47 |    76 ||   200
Block: Other             |       |     5 |    26 ||    31
       Reflection        |       |       |     2 ||     2

Table legend: (Time is in decaauts)
 A = Elapsed time spent in this place.
 B = Non-inter-level travel time spent in this place.
 C = Inter-level travel time spent in this place.
 D = Time resting spent in this place.
 E = Time spent auto-exploring this place.
 F = Levels seen in this place.
 G = Mean time per level.
                   A        B        C        D        E       F      G
               +--------+--------+--------+--------+--------+-----+--------+
         Total |  11576 |  11419 |    157 |   6796 |   3227 |   6 | 1929.3 |
       Dungeon |  11576 |  11419 |    157 |   6796 |   3227 |   6 | 1929.3 |
               +--------+--------+--------+--------+--------+-----+--------+

Top non-repeatable levels by time:
     D:1: 3482 daAuts
     D:2: 2301 daAuts
     D:4: 2244 daAuts
     D:3: 1760 daAuts
     D:5: 1757 daAuts
     D:6: 29 daAuts
